 Dungeon Crawl Stone Soup version 0.32-a0-841-g4648e6c457 (webtiles) character file.

Game seed: 15740590922031988134

2492 zenocrate the Magician (level 9, -1/61 HPs)
             Began as an Octopode Earth Elementalist on Mar 26, 2024.
             Was an Initiate of Gozag.
             Slain by a gnoll sergeant
             ... wielding a +5 vampiric trident
              (21 damage)
             ... on level 8 of the Dungeon on Mar 27, 2024.
             The game lasted 00:11:58 (8109 turns).

zenocrate the Magician (OpEE)                       Turns: 8109, Time: 00:11:59

Health: -1/61      AC:  1    Str:  9    XL:     9   Next: 52%
Magic:  10/18      EV: 14    Int: 18    God:    Gozag
Gold:   209        SH:  0    Dex: 14    Spells: 7/20 levels left

rFire   + . .        b - +1 dagger (elec)
rCold   + + +        (no shield)
rNeg    . . .        (helmet restricted)
rPois   +            (no amulet)
rElec   .            h - ring of protection from cold
rCorr   .            l - ring of poison resistance
SInv    .            w - ring of protection from cold
Will    .....        y - ring of protection from fire
Stlth   +++          C - ring of protection from cold
HPRegen 0.30/turn    (no ring)
MPRegen 0.16/turn    (no ring)
                     (no ring)

%: no passive effects
@: gold aura
A: almost no armour, amphibious, 8 rings, camouflage 1, gelatinous body 1,
(nimble swimmer 1), tentacles
a: Renounce Religion, Potion Petition, Call Merchant, Bribe Branch


You were on level 8 of the Dungeon.
You worshipped Gozag.
Gozag was aware of your devotion.
You visited 2 branches of the dungeon, and saw 9 of its levels.

You collected 520 gold pieces.
You spent 193 gold pieces at shops.
You paid 118 gold pieces to Gozag.

Inventory:

Hand Weapons
 b - a +1 dagger of electrocution (weapon)
Missiles
 F - 2 throwing nets
Jewellery
 h - a ring of protection from cold (left tentacle)
 l - a ring of poison resistance (right tentacle)
 w - a ring of protection from cold (on tentacle)
 y - a ring of protection from fire (on tentacle)
 C - a ring of protection from cold (on tentacle)
Wands
 i - a wand of acid (2)
 q - a wand of flame (26)
 x - a wand of mindburst (8)
 A - a wand of digging (5)
 B - a wand of charming (9)
 D - a wand of polymorph (8)
Scrolls
 d - 2 scrolls of brand weapon {unknown}
 f - 4 scrolls of teleportation
 g - 2 scrolls of enchant armour
 j - 2 scrolls of amnesia {unknown}
 k - a scroll of acquirement {unknown}
 m - 3 scrolls of poison {unknown}
 n - 2 scrolls of revelation {unknown}
 o - 2 scrolls of fog {unknown}
 s - a scroll of summoning {unknown}
 t - 2 scrolls of fear {unknown}
 u - a scroll of immolation {unknown}
 z - a scroll of blinking {unknown}
 G - a scroll of noise {unknown}
Potions
 a - a potion of magic
 c - a potion of curing
 e - a potion of cancellation {unknown}
 p - a potion of mutation
 r - 2 potions of enlightenment
 v - a potion of brilliance {unknown}
 E - a potion of berserk rage {unknown}


   Skills:
 + Level 5.1 Fighting
 * Level 5.3 Dodging
 - Level 3.5 Stealth
 + Level 6.0 Spellcasting
 + Level 4.7 Conjurations
 + Level 5.4 Earth Magic
 + Level 4.3 Evocations


You had 7 spell levels left.
You knew the following spells:

 Your Spells              Type           Power      Damage    Failure   Level
a - Stone Arrow           Conj/Erth      46%        3d9       4%          3
b - Sandblast             Erth           50%        2d12      1%          1
c - Petrify               Alch/Erth      15%        N/A       36%         4
d - Yara's Violent Unrav  Hex/Alch       2%         3d3       97%         5

Your spell library contained the following spells:

 Spells                   Type           Power      Damage    Failure   Level
 Passwall                 Erth           25%        N/A       3%          3
 Slow                     Hex            20%        N/A       12%         1
 Brom's Barrelling Bould  Conj/Erth      23%        2d4       14%         4
 Ensorcelled Hibernation  Hex/Ice        10%        N/A       19%         2
 Jinxbite                 Hex            10%        N/A       19%         2
 Sublimation of Blood     Necr           5%         N/A       19%         2
 Confusing Touch          Hex            5%         N/A       34%         3
 Inner Flame              Hex/Fire       5%         N/A       34%         3
 Swiftness                Air            5%         N/A       34%         3
 Vampiric Draining        Necr           5%         2d6       34%         3
 Flame Wave               Conj/Fire      14%        2d6       41%         4
 Sticky Flame             Fire/Alch      5%         2d4       75%         4
 Vhi's Electric Charge    Tloc/Air       10%        N/A       75%         4
 Arcjolt                  Conj/Air       7%         1d17      77%         5
 Irradiate                Conj/Alch      7%         3d14      77%         5
 Enfeeble                 Hex            2%         N/A       100%        7
 Ignition                 Fire           2%         3d3       100%        8
 Maxwell's Capacitive Co  Air            2%         ∞         100%        8


Dungeon Overview and Level Annotations

Branches:
Dungeon (8/15)             Temple (1/1) D:7
   Lair: D:8-11

Altars:
Ashenzari
Cheibriados
Dithmenos
Elyvilon
Fedhas
Gozag
Hepliaklqana
Kikubaaqudgha
Makhleb
Nemelex Xobeh
Qazlal
Ru
Trog
Vehumet
Wu Jian
Xom
Yredelemnul
Zin
The Shining One

Shops:
D:7 *

Annotations:
D:2 1 runed translucent door, Crazy Yiuf


Innate Abilities, Weirdness & Mutations

You cannot wear most types of armour.
You are amphibious.
You can wear up to eight rings at the same time.
Your skin changes colour to match your surroundings (Stealth+).
Your rubbery body absorbs attacks. (AC +1, EV +1)
((You are camouflaged when in or above water. (Stealth+)))
You have tentacles for arms and can constrict up to eight enemies at once.


Message History

Casting: Stone Arrow (dangerous; 4% risk of failure)
Confirm with . or Enter, or press ? or * to list all spells.
Aiming: Stone Arrow (dangerous; 4% risk of failure)
Press: ? - help, Shift-Dir - straight line, f/p - gnoll
Aim: a gnoll, wielding a +0 spear (moderately wounded, 75% to hit)
The stone arrow hits the gnoll!!
You kill the gnoll!
The gnoll is distracted by your dazzling golden aura.
The gnoll shouts!
You hit the gnoll.
The gnoll is no longer distracted by gold.
You grab the gnoll.
The gnoll is moderately wounded.
You constrict the gnoll.
The gnoll sergeant hits you from afar with a +5 vampiric trident!
The gnoll struggles to escape constriction.
You hit the gnoll.
You kill the gnoll!
The gnoll sergeant hits you from afar with a +5 vampiric trident!
You hit the gnoll but do no damage. You grab the gnoll. You squeeze the gnoll.
The gnoll is lightly wounded.
You constrict the gnoll.
The gnoll sergeant hits you from afar with a +5 vampiric trident!!
The gnoll struggles to escape constriction.
Casting: Stone Arrow (dangerous; 4% risk of failure)
Confirm with . or Enter, or press ? or * to list all spells.
Aiming: Stone Arrow (dangerous; 4% risk of failure)
Press: ? - help, Shift-Dir - straight line, f - gnoll
Aim: a gnoll, wielding a +0 whip (heavily wounded, constricted by you, 100% to hit)
Okay, then.
Casting: Stone Arrow (dangerous; 4% risk of failure)
Confirm with . or Enter, or press ? or * to list all spells.
Aiming: Stone Arrow (dangerous; 4% risk of failure)
Press: ? - help, Shift-Dir - straight line, f - gnoll
Aim: a gnoll, wielding a +0 whip (heavily wounded, constricted by you, 100% to hit)
The stone arrow hits the gnoll!
You kill the gnoll!
The gnoll sergeant hits you from afar with a +5 vampiric trident!!
You die...
Your body crumbles into a pile of gold.

#. #.. ##.# #.. ...
#######.#######.########
.....##.##.............#
.....##.##........$....#
.....##.##......@$g....#
.....##.#######.##########
.....##.#######.########.########
####.............................
####..#.#######.########.########
...#..#.# #.....# #...........>..
##.#..#.###########.....#########
.#.#..#...........+.....'........
)#.#..#.....#######.....#########


You could see a gnoll sergeant.

Vanquished Creatures
  A wyvern (D:7)
  A steam dragon (D:7)
  3 ice beasts
  A black bear (D:6)
  An orc warrior (D:7)
  An ogre (D:6)
  A centaur (D:7)
  A phantom (D:6)
  2 bullfrogs
  A gnoll sergeant (D:7)
  4 wights (D:8)
  3 scorpions (D:5)
  A howler monkey (D:4)
  2 hounds
  A jelly (D:7)
  2 gnoll boudas
  2 sleepcaps (D:6)
  4 iguanas
  5 orc wizards
  21 gnolls
  13 adders
  A shadow imp (D:6)
  3 white imps
  2 ufetubi (D:7)
  2 dart slugs (D:1)
  16 orcs
  8 bats
  6 endoplasms
  3 giant cockroaches
  5 goblins
  12 hobgoblins
  7 jackals
  7 kobolds
  2 quokkas (D:2)
  11 ball pythons
  7 frilled lizards
  6 rats
169 creatures vanquished.

Notes
Turn   | Place    | Note
-------+----------+-------------------------------------------
     0 | D:1      | zenocrate the Octopode Earth Elementalist began the quest
                  | for the Orb.
     0 | D:1      | Reached XP level 1. HP: 11/11 MP: 3/3
   136 | D:1      | Reached XP level 2. HP: 17/17 MP: 3/5
   459 | D:1      | Reached XP level 3. HP: 22/22 MP: 6/6
   463 | D:1      | Learned a level 3 spell: Stone Arrow
   594 | D:1      | Reached skill level 1 in Fighting
  1246 | D:2      | Found a faded altar of an unknown god.
  1481 | D:2      | Reached XP level 4. HP: 28/28 MP: 5/7
  1770 | D:2      | Found a runed translucent door.
  1771 | D:2      | Noticed Crazy Yiuf
  2434 | D:2      | Learned a level 4 spell: Petrify
  2530 | D:3      | Identified the +0 falchion of Viun Qoa {flame, *Slow rElec
                  | rC+ Will+}
  2694 | D:3      | Reached XP level 5. HP: 30/34 MP: 6/8
  2731 | D:3      | Noticed an ice beast
  2737 | D:3      | Killed an ice beast
  2834 | D:3      | Reached XP level 6. HP: 41/41 MP: 10/10
  3422 | D:4      | Reached skill level 3 in Spellcasting
  4005 | D:5      | Entered Level 5 of the Dungeon
  4058 | D:5      | Reached skill level 1 in Evocations
  4250 | D:5      | Reached XP level 7. HP: 38/46 MP: 12/12
  4404 | D:5      | Found a glowing golden altar of the Shining One.
  4405 | D:5      | Found a glowing silver altar of Zin.
  4406 | D:5      | Found a white marble altar of Elyvilon.
  4641 | D:5      | Reached skill level 4 in Spellcasting
  4800 | D:6      | Reached XP level 8. HP: 33/54 MP: 8/14
  5149 | D:6      | HP: 1/54 [iguana (7)]
  6276 | D:7      | Reached skill level 5 in Spellcasting
  6602 | D:7      | Found an opulent altar of Gozag.
  6645 | D:7      | Found a shadowy altar of Dithmenos.
  6662 | D:7      | Reached skill level 5 in Earth Magic
  6668 | D:7      | Reached XP level 9. HP: 18/59 MP: 2/17
  6751 | D:7      | HP: 2/59 [orc wizard/magic dart (11)]
  6953 | D:7      | Became a worshipper of Gozag Ym Sagoz the Greedy
  6976 | D:7      | Found a staircase to the Ecumenical Temple.
  6980 | D:7      | Reached skill level 5 in Dodging
  7000 | Temple   | Entered the Ecumenical Temple
  7149 | D:7      | Found Saehapt's General Store.
  7158 | D:7      | Bought a scroll of identify for 22 gold pieces
  7158 | D:7      | Bought a scroll of teleportation for 33 gold pieces
  7158 | D:7      | Bought a wand of acid (3) for 138 gold pieces
  7168 | D:7      | Learned a level 5 spell: Yara's Violent Unravelling
  7476 | D:8      | Reached skill level 5 in Fighting
  7566 | D:8      | Reached skill level 6 in Spellcasting
  8109 | D:8      | Slain by a gnoll sergeant

Illustrated notes

Levels and vault maps discovered:
D:1:      dpeg_arrival_simpleton_b, layout_basic
D:2:      layout_loops_corners, shapermc_ecumenical_altar_acropolis,
          minmay_misc_feat_roman, kennysheep_donut, roderic_lattice_a,
          minmay_tall_x, uniq_crazy_yiuf_cottage
D:3:      layout_loops_ring, kennysheep_path_1
D:4:      layout_rooms, serial_library_hellmonk_semicircle, nicolae_half_adder
D:5:      layout_rooms, good_gods_temple_1, serial_bayou_ford_a,
          chequers_serial_rivers_small_3
D:6:      layout_basic, nicolae_ossuary_entry_false_entrances,
          nicolae_concentric_dashed_squares_mild
D:7:      layout_rooms, mainiacjoe_overflow_large_starburst,
          minmay_temple_entry_slanted, serial_shops, shop,
          kennysheep_another_room
D:8:      layout_basic
Temple:   eino_temple_lava

Skill      XL: |  1  2  3  4  5  6  7  8  9 |
---------------+----------------------------+-----
Stealth        | 3 |  3.5
Fighting       | 1 2 3 4 5 |  5.1
Dodging        | 3 4 5 |  5.3
Conjurations   | 2 3 4 |  4.7
Spellcasting   | 3 4 5 6 |  6.0
Evocations     | 1 2 3 4 |  4.3
Earth Magic    | 4 5 |  5.4

Action                     |  1- 3 |  4- 6 |  7- 9 || total
---------------------------+-------+-------+-------++-------
  Melee: Dagger            |    24 |    51 |   106 ||   181
         Constrict         |     9 |    10 |    33 ||    52
         Tentacles         |     6 |    11 |    43 ||    60
         Short sword       |     1 |       |       ||     1
   Cast: Sandblast         |    43 |    43 |     1 ||    87
         Stone Arrow       |       |    13 |    61 ||    74
  Evoke: Wand              |       |     1 |    10 ||    11
    Use: Scroll            |       |     1 |     4 ||     5
         Potion            |       |       |     6 ||     6
   Stab: Sleeping          |     2 |     6 |     7 ||    15
         Distracted        |     1 |       |       ||     1
 Armour: Skin              |    23 |    32 |    93 ||   148
  Dodge: Dodged            |    30 |    42 |    82 ||   154

Table legend: (Time is in decaauts)
 A = Elapsed time spent in this place.
 B = Non-inter-level travel time spent in this place.
 C = Inter-level travel time spent in this place.
 D = Time resting spent in this place.
 E = Time spent auto-exploring this place.
 F = Levels seen in this place.
 G = Mean time per level.
                   A        B        C        D        E       F      G
               +--------+--------+--------+--------+--------+-----+--------+
         Total |   8146 |   7960 |    186 |      4 |   6877 |   9 |  905.1 |
       Dungeon |   8106 |   7920 |    186 |      4 |   6839 |   8 | 1013.2 |
        Temple |     39 |     39 |      0 |      0 |     38 |   1 |   39.0 |
               +--------+--------+--------+--------+--------+-----+--------+

Top non-repeatable levels by time:
     D:2: 1457 daAuts
     D:6: 1407 daAuts
     D:7: 1112 daAuts
     D:1: 1039 daAuts
     D:3: 869 daAuts
     D:5: 784 daAuts
     D:8: 758 daAuts
     D:4: 678 daAuts
  Temple: 39 daAuts
